 Dungeon Crawl Stone Soup version 0.21-a0-582-g1b93aee (webtiles) character file.

1306 kae the Insei (level 8, 0/67 HPs)
             Began as a Green Draconian Transmuter on Dec 19, 2017.
             Succumbed to an adder's poison
             ... on level 6 of the Dungeon.
             The game lasted 00:05:51 (5507 turns).

kae the Insei (Green Draconian Transmuter)          Turns: 5507, Time: 00:05:52

Health: 0/67       AC:  6    Str: 13    XL:     8   Next: 32%
Magic:  13/14      EV: 14    Int: 16    God:
Gold:   229        SH:  0    Dex: 14    Spells: 4/15 levels left

rFire    . . .     SeeInvis .     - Unarmed
rCold    . . .     Gourm    .   (no shield)
rNeg     . . .     Faith    .   (armour unavailable)
rPois    +         Spirit   .   (helmet restricted)
rElec    .         Reflect  .   (no cloak)
rCorr    .         Harm     .   (no gloves)
MR       .....                  (no boots)
Stlth    +.........             (no amulet)
HPRegen  0.21/turn              f - ring of wizardry
MPRegen  0.14/turn              e - +3 ring of intelligence

@: lethally poisoned (0 -> -3)
A: breathe noxious fumes, unfitting armour, poison resistance, cold-blooded, AC
+6
a: Breathe Noxious Fumes


You were on level 6 of the Dungeon.
You were very hungry.

You visited 1 branch of the dungeon, and saw 6 of its levels.

You collected 229 gold pieces.

Inventory:

Missiles
 a - 192 arrows
Jewellery
 e - a +3 ring of intelligence (right hand)
 f - a ring of wizardry (left hand)
 i - an uncursed ring of protection from fire
 l - an uncursed amulet of faith
 o - an uncursed ring of resist corrosion
Wands
 n - a wand of flame (16)
 r - a wand of digging (11)
Scrolls
 d - 2 scrolls of teleportation
 h - a scroll of identify
 j - 2 scrolls of remove curse
 q - a scroll of magic mapping
Potions
 g - a potion of might
 k - a potion of lignification
 m - a potion of heal wounds
 p - 3 potions of curing
 s - a potion of haste {unknown}
Books
 b - a book of Changes

   Spells                             Type                      Level
   a - Beastly Appendage              Transmutation                1
   b - Sticks to Snakes               Transmutation                2
   c - Spider Form                    Transmutation/Poison         3
   d - Ice Form                       Ice/Transmutation            4
   e - Blade Hands                    Transmutation                5
Comestibles
 c - 8 rations


   Skills:
 + Level 4.4 Fighting
 + Level 4.1 Dodging
 * Level 6.7 Unarmed Combat
 + Level 4.0 Spellcasting
 + Level 4.4 Transmutations


You had 4 spell levels left.
You knew the following spells:

 Your Spells              Type           Power        Failure   Level  Hunger
a - Beastly Appendage     Tmut           ###...       1%          1    None
b - Sticks to Snakes      Tmut           ###.....     1%          2    ##.....
c - Spider Form           Tmut/Pois      ##........   9%          3    ###....
d - Blade Hands           Tmut           ###.......   28%         5    ######.


Dungeon Overview and Level Annotations

Branches:
Dungeon (6/15)
 Temple: D:4-7

Altars:
Fedhas
Kikubaaqudgha
Nemelex Xobeh
Qazlal
Ru
Vehumet

Annotations:
D:2 exclusion: centaur
D:3 Sigmund


Innate Abilities, Weirdness & Mutations

You can breathe blasts of noxious fumes.
Your lurid green scales are hard. (AC +6)
You cannot fit into any form of body armour.
Your system is resistant to poisons. (rPois)
You are cold-blooded and may be slowed by cold attacks.


Message History

* * * LOW HITPOINT WARNING * * *
The bullfrog closely misses you.
A hound zombie comes into view.
You feel sick. The bullfrog hits you.
* * * LOW HITPOINT WARNING * * *
The hound zombie moves out of view.
You feel sick. The bullfrog misses you.
Your transformation has ended.
You feel sick.
You kill the bullfrog!
You feel sick.
You feel sick.
Okay, then.
As you read the scroll of teleportation, it crumbles to dust.
You feel strangely unstable. The ogre hits you with a giant club!
* * * LOW HITPOINT WARNING * * *
* * * LOW HITPOINT WARNING * * *
You feel sick.
Your surroundings suddenly seem different.
You die...

.###### ......#
....... ......#
....... .......
####......#
#..@......#
#.....#####.......
#.....# #........#
#.....# #........#
####### #.....!..#
#........#
#........#
#.†††...%# .
#..(##'###.


There were no monsters in sight!

Vanquished Creatures
  Edmund (D:4)
  A centaur (D:5)
  An ogre (D:4)
  Blork the orc (D:4)
  A bullfrog (D:6)
  3 howler monkeys
  2 bullfrog zombies
  A bullfrog skeleton (D:5)
  4 orc wizards
  4 hounds
  A jelly (D:5)
  An iguana (D:6)
  3 worker ants
  A hound skeleton (D:6)
  A worker ant zombie (D:6)
  6 adders
  A shadow imp (D:5)
  An adder skeleton (D:4)
  2 worms
  3 dart slugs
  14 orcs
  9 giant cockroaches
  8 goblins
  5 hobgoblins
  A jackal (D:1)
  A quokka (D:4)
  A ball python (D:2)
  10 bats
  4 frilled lizards
  5 kobolds
  A quokka skeleton (D:4)
  4 rats
102 creatures vanquished.

Vanquished Creatures (collateral kills)
  Grinder (D:3)
1 creature vanquished.

Vanquished Creatures (others)
  A human (D:2)
1 creature vanquished.

Grand Total: 104 creatures vanquished

Notes
Turn   | Place    | Note
-------+----------+-------------------------------------------
     0 | D:1      | kae the Draconian Transmuter began the quest for the Orb.
     0 | D:1      | Reached XP level 1. HP: 16/16 MP: 3/3
   375 | D:1      | Reached XP level 2. HP: 23/23 MP: 5/5
   425 | D:1      | You fall through a shaft!
   641 | D:1      | Reached XP level 3. HP: 28/28 MP: 6/6
  1035 | D:2      | Learned a level 2 spell: Sticks to Snakes
  1039 | D:2      | Learned a level 3 spell: Spider Form
  1134 | D:2      | Noticed a centaur
  1156 | D:2      | Found an ancient bone altar of Kikubaaqudgha.
  1156 | D:2      | Noticed a human
  1160 | D:2      | Killed a human
  1393 | D:2      | Found a blossoming altar of Fedhas.
  1396 | D:2      | Found a stormy altar of Qazlal.
  1399 | D:2      | Found a sparkling altar of Nemelex Xobeh.
  1587 | D:3      | Reached XP level 4. HP: 36/36 MP: 5/7
  1588 | D:3      | Noticed Grinder
  1601 | D:3      | Killed Grinder
  1601 | D:3      | Reached skill level 4 in Unarmed Combat
  1601 | D:3      | Reached XP level 5. HP: 10/42 MP: 2/9
  2127 | D:3      | Noticed Sigmund
  2611 | D:4      | Found a sacrificial altar of Ru.
  2629 | D:4      | Reached XP level 6. HP: 47/50 MP: 10/10
  3192 | D:4      | Reached skill level 5 in Unarmed Combat
  3230 | D:4      | Noticed Blork the orc
  3246 | D:4      | Killed Blork the orc
  3287 | D:4      | Noticed Edmund
  3306 | D:4      | Killed Edmund
  3306 | D:4      | Your scales start taking on a lurid green colour.
  3306 | D:4      | Reached XP level 7. HP: 33/57 MP: 8/12
  3306 | D:4      | Gained mutation: Your system is resistant to poisons. (rPois) [Green Draconian growth]
  3662 | D:5      | Entered Level 5 of the Dungeon
  3713 | D:5      | Learned a level 5 spell: Blade Hands
  4250 | D:5      | Reached skill level 6 in Unarmed Combat
  4511 | D:5      | Reached XP level 8. HP: 50/66 MP: 13/13
  4970 | D:5      | Found a radiant altar of Vehumet.
  5504 | D:6      | HP: 1/67 [ogre/giant club (10)]
  5507 | D:6      | Succumbed to an adder's poison

Vault maps used:
D:1:      evilmike_arrival_crescent, minmay_pentomino_z4
D:2:      grunt_temple_overflow_diamond, tgw_kikubaaqudgha
D:3:      kennysheep_big_empty_room, grunt_decor_resistance, uniq_sigmund,
          uniq_grinder
D:4:      lightli_ossuary_entry_decrepit_ruins, glass_columns_b,
          nicolae_ru_great_annihilating_truth, uniq_edmund, uniq_blork_the_orc
D:5:      vehumet_altar_wand_db, first_ration
D:6:      supply_closet_lemuel, uniq_crazy_yiuf_cottage

Skill      XL: |  1  2  3  4  5  6  7  8 |
---------------+-------------------------+-----
Dodging        | 2 3 4 |  4.1
Fighting       | 2 3 4 |  4.4
Unarmed Combat | 4 5 6 |  6.7
Transmutations | 3 4 |  4.4
Spellcasting   | 3 4 |  4.0

Action                   |  1- 3 |  4- 6 |  7- 9 || total
-------------------------+-------+-------+-------++-------
Melee: Unarmed           |   132 |   195 |   166 ||   493
       Tailslap          |    12 |    19 |    13 ||    44
       Kick              |     3 |     9 |     4 ||    16
       Headbutt          |     2 |     4 |     4 ||    10
       Punch             |     2 |     3 |     4 ||     9
 Cast: Beastly Appendage |     6 |     7 |     4 ||    17
       Sticks to Snakes  |     1 |     4 |       ||     5
       Spider Form       |       |     2 |     5 ||     7
  Use: Scroll            |     3 |     4 |     4 ||    11
       Potion            |     2 |     2 |       ||     4
 Stab: Sleeping          |     1 |       |     1 ||     2
       Paralysed         |       |     4 |       ||     4
       Invisible         |       |     1 |       ||     1
  Eat: Chunk             |     2 |     6 |     7 ||    15
Armor: Skin              |    67 |    37 |    33 ||   137
Dodge: Dodged            |   130 |   123 |   115 ||   368

Table legend:
 A = Spawn XP
 B = Non-spawn XP
 C = Spawn XP percentage of total XP
 D = Spawn monster count
 E = Non-spawn monster count
 F = Spawn count percentage of total count
 G = Total turns spent on level
                    A         B        C        D         E        F      G
               +---------+---------+-------+---------+---------+-------+---------
         Total |       0 |    1867 |   0.0 |       0 |     103 |   0.0 |  5507
               +---------+---------+-------+---------+---------+-------+---------
           D:1 |       0 |      25 |   0.0 |       0 |      13 |   0.0 |   820
           D:2 |       0 |      62 |   0.0 |       0 |      16 |   0.0 |   883
           D:3 |       0 |     274 |   0.0 |       0 |      21 |   0.0 |   773
           D:4 |       0 |     645 |   0.0 |       0 |      24 |   0.0 |  1186
           D:5 |       0 |     489 |   0.0 |       0 |      20 |   0.0 |  1662
           D:6 |       0 |     372 |   0.0 |       0 |       9 |   0.0 |   183
               +---------+---------+-------+---------+---------+-------+---------
